[Event "Betsys MČR v online bleskovém šachu 2021"]
[Site "Chess.com"]
[Date "2021.04.17"]
[Round "10"]
[White "DrDANDog"]
[Black "vasekpaulus"]
[Result "0-1"]
[WhiteElo "1784"]
[BlackElo "2055"]
[TimeControl "180+1"]
[EndTime "10:38:11 PDT"]
[Termination "Uživatel vasekpaulus zvítězil matem"]

1. e4 c5 2. Nf3 Nc6 3. Bb5 g6 4.
O-O Bg7 5. Nc3 e5 6. Nd5 Nge7 7. Nxe7 Qxe7 8. c3 a6 9. Bxc6 dxc6 10. Qb3 O-O 11.
Qb6 Bg4 12. d3 f5 13. Bg5 Qd7 14. Qxc5 fxe4 15. Nxe5 Qf5 16. Qc4+ Kh8 17. Nxg4 Qxg5 18. Qxe4 Rf4 19. Qe3 Rxg4 20. Qxg5 Rxg5 21. d4 Re8 22.
Rfe1 Rxe1+ 23. Rxe1 Kg8 24. Re7 Rb5 25. b3 Kf8 26.
Rd7 Ra5 27. a4 b5 28. axb5 Ra1# 0-1

[Event "Betsys MČR v online bleskovém šachu 2021"]
[Site "Chess.com"]
[Date "2021.04.17"]
[Round "10"]
[White "MatyldaCZ"]
[Black "MiroslavBucek"]
[Result "1-0"]
[WhiteElo "1434"]
[BlackElo "1594"]
[TimeControl "180+1"]
[EndTime "10:38:11 PDT"]
[Termination "Uživatel MatyldaCZ zvítězil po vzdání soupeře"]

1. e4 e5 2. Nf3 Nc6 3. Bc4 Nf6 4. Nc3 Nxe4 5. Bxf7+ Kxf7 6. Nxe4 d5 7. Nc3 Bg4 8.
h3 Bh5 9. d3 Bb4 10. Bd2 Re8 11.
O-O Kg8 12. Re1 Bxc3 13. Bxc3 e4 14. dxe4 dxe4 15. Qxd8 Raxd8 16. Ng5 Bg6 17. h4 h6 18. Nh3 Ne7 19. Nf4 Bh7 20. Ne6 Rd6 21. Nxg7 Red8 22. Nh5 Nf5 23. Nf6+ Kf7 24. Nxh7 Nxh4 25. Rxe4 Nf5 26.
Rf4 Kg6 27. Nf6 Rxf6 28. Bxf6 Kxf6 29. g4 Ke5 30. Rxf5+ Ke4 31. Re1+ Kd4 32. Rd1+ 1-0

[Event "Betsys MČR v online bleskovém šachu 2021"]
[Site "Chess.com"]
[Date "2021.04.17"]
[Round "10"]
[White "conysek"]
[Black "Sunnika"]
[Result "0-1"]
[WhiteElo "2120"]
[BlackElo "2301"]
[TimeControl "180+1"]
[EndTime "10:38:13 PDT"]
[Termination "Uživatel Sunnika zvítězil po vzdání soupeře"]

1. e4 e5 2. Nf3 Nc6 3. Bb5 Nf6 4. O-O Nxe4 5. Re1 Nd6 6. Nxe5 Be7 7. Nxc6 dxc6 8.
Ba4 O-O 9. Bb3 c5 10. d3 Nf5 11. Nc3 c6 12. Bf4 Nd4 13. Qh5 a5 14. Qe5 Nxb3 15.
axb3 Be6 16. Ne4 b6 17. Bg5 Re8 18. Bxe7 Rxe7 19. Qg5 Rd7 20. Nf6+ Qxf6 0-1

[Event "Betsys MČR v online bleskovém šachu 2021"]
[Site "Chess.com"]
[Date "2021.04.17"]
[Round "10"]
[White "Hollow_Head"]
[Black "bumurubac"]
[Result "1-0"]
[WhiteElo "1090"]
[BlackElo "1015"]
[TimeControl "180+1"]
[EndTime "10:38:23 PDT"]
[Termination "Uživatel Hollow_Head zvítězil matem"]

1. e4 e5 2. Qh5 Bc5 3. Qxe5+ Qe7 4. Qxg7 Qh4 5. g3 Qxe4+ 6. Ne2 Qxh1 7. Qxh8 Qf3 8.
Qxg8+ Ke7 9. Qg5+ f6 10. Qxc5+ d6 11. Qe3+ Qxe3 12. fxe3 Nc6 13. d3 Nb4 14. Na3 Bg4 15. c3 Nd5 16. e4 Nb6 17. Be3 Nd7 18. O-O-O Ne5 19. d4 Ng6 20. h3 Bxe2 21. Bxe2 Re8 22. Bh5 Kf7 23. Bxg6+ Kxg6 24. e5 dxe5 25. dxe5 Rxe5 26.
Bd4 Re2 27. Rf1 f5 28. g4 fxg4 29. hxg4 h5 30. Rf6+ Kg5 31. Rf7 hxg4 32. Rxc7 g3 33. Rg7+ Kf4 34. Rf7+ Kg4 35. Kd1 Rh2 36. Be5 g2 37.
Rg7+ Kh3 38. Bxh2 Kxh2 39. Rxg2+ Kxg2 40. Nb5 a6 41. Na7 Kf3 42. Kd2 Ke4 43. Nc8 Kd5 44. b3 Kc6 45. Ne7+ Kb6 46. Nd5+ Kc6 47. c4 b5 48. Kd3 bxc4+ 49. bxc4 Kc5 50. Nc7 Kc6 51. Nxa6 Kb6 52. Nb4 Kc5 53. Nc2 Kb6 54. Kd4 Kc6 55. c5 Kc7 56. Kd5 Kc8 57. c6 Kc7 58. Kc5 Kc8 59. Kd6 Kb8 60. a4 Kc8 61. c7 Kb7 62.
Kd7 Kb6 63. c8=Q Ka5 64. Qa8+ Kb6 65. Qc6+ Ka5 66. Qb5# 1-0

[Event "Betsys MČR v online bleskovém šachu 2021"]
[Site "Chess.com"]
[Date "2021.04.17"]
[Round "10"]
[White "VojtechPlat"]
[Black "FutureFideMasseur"]
[Result "1-0"]
[WhiteElo "2844"]
[BlackElo "2443"]
[TimeControl "180+1"]
[EndTime "10:38:24 PDT"]
[Termination "Uživatel VojtechPlat zvítězil po vzdání soupeře"]

1. e4 e5 2. Nf3 Nc6 3. Bb5 a6 4.
Ba4 Nf6 5. d4 exd4 6. O-O Be7 7.
Re1 O-O 8. e5 Nd5 9. Bb3 Nb6 10.
Nxd4 Nxd4 11. Qxd4 d6 12. exd6 Bxd6 13. Bf4 Bxf4 14.
Qxf4 Nd5 15. Bxd5 Qxd5 16. Qxc7 Be6 17. Nc3 Qd2 18. Re2 Qg5 19. Rae1 b5 20. Ne4 Qg6 21. b3 Rac8 22. Qb6 Bf5 23. Qxg6 hxg6 24. f3 Bxe4 25. fxe4 Rc3 26. Rd2 Rfc8 27. Ree2 Kf8 28. Kf2 Ke7 29. Ke1 Ke6 30. Kd1 Rh8 31. h3 Rh4 32. Rd8 Ke7 33.
Ra8 Rc6 34. Rf2 f6 35. Ra7+ Ke6 36. Rxg7 Rxe4 37. Rxg6 Ke5 38. Rg3 Rd6+ 39. Rd3 Rxd3+ 40. cxd3 Re3 41. Re2 1-0

[Event "Betsys MČR v online bleskovém šachu 2021"]
[Site "Chess.com"]
[Date "2021.04.17"]
[Round "10"]
[White "adiklan"]
[Black "jonvon640"]
[Result "1-0"]
[WhiteElo "1903"]
[BlackElo "1678"]
[TimeControl "180+1"]
[EndTime "10:38:29 PDT"]
[Termination "Uživatel adiklan zvítězil matem"]

1. e4 c5 2. Nf3 Nc6 3. Bc4 e6 4. d4 cxd4 5. Nxd4 Nf6 6. Nc3 Bb4 7. O-O Bxc3 8. bxc3 Nxe4 9. Qd3 Nf6 10. Ba3 Qc7 11. Nb5 Qa5 12. Bd6 a6 13. Nc7+ Kd8 14. Nxa8 b5 15.
Bc7+ Qxc7 16. Nxc7 Kxc7 17. Qg3+ d6 18. Qxg7 Rg8 19.
Qxf7+ Bd7 20. Bxe6 Rg6 21. Bxd7 Nxd7 22. Qxh7 Rg5 23.
Rfe1 Ne5 24. f4 Nf3+ 25. Kf2 Nxe1 26. Rxe1 Rg4 27. Kf3 Rxf4+ 28. Kxf4 Kc6 29. Re7 Ne5 30. Rc7+ Kd5 31. Qg8+ Nf7 32. Qxf7# 1-0

[Event "Betsys MČR v online bleskovém šachu 2021"]
[Site "Chess.com"]
[Date "2021.04.17"]
[Round "10"]
[White "Tretrik"]
[Black "tiger196223"]
[Result "1-0"]
[WhiteElo "2087"]
[BlackElo "1825"]
[TimeControl "180+1"]
[EndTime "10:38:34 PDT"]
[Termination "Uživatel Tretrik zvítězil po vzdání soupeře"]

1. e4 e6 2. d4 d5 3. e5 c5 4. c3 Qb6 5. Nf3 Bd7 6. a3 Bb5 7. c4 Bxc4 8. Bxc4 dxc4 9. d5 exd5 10. Qxd5 Qc6 11. Qxc4 Ne7 12. Nc3 a6 13. a4 Nd7 14.
O-O O-O-O 15. Bf4 Qe6 16. Qe4 f5 17. Qe3 h6 18. h4 g6 19. Rac1 b6 20. b4 Kb7 21. a5 cxb4 22. Nd4 Qb3 23. Nxb3 1-0

[Event "Betsys MČR v online bleskovém šachu 2021"]
[Site "Chess.com"]
[Date "2021.04.17"]
[Round "10"]
[White "Emicka1330"]
[Black "EliasD123"]
[Result "0-1"]
[WhiteElo "1539"]
[BlackElo "1328"]
[TimeControl "180+1"]
[EndTime "10:38:41 PDT"]
[Termination "Uživatel EliasD123 zvítězil matem"]

1. e4 e5 2. d4 exd4 3. Bc4 Nc6 4. Nf3 d6 5. Nxd4 Nxd4 6. Qxd4 c5 7. Qd1 Nf6 8. Nc3 Be6 9. Bb5+ Bd7 10. Bd3 Be7 11. O-O O-O 12. Bf4 Bc6 13. Qe2 Qd7 14. Rad1 Rfe8 15.
Bc4 a6 16. Rd2 b5 17. Bd5 Bxd5 18. Nxd5 Nxd5 19. Rxd5 Bf6 20. c3 Qc6 21. Bxd6 Qxd5 22. Bg3 Rxe4 23. Qc2 Rae8 24. h3 Re1 25. f3 Rxf1+ 26.
Kxf1 Be5 27. Bf2 Bh2 28. a3 Qc4+ 29. Qd3 Qxd3# 0-1

[Event "Betsys MČR v online bleskovém šachu 2021"]
[Site "Chess.com"]
[Date "2021.04.17"]
[Round "10"]
[White "PaulS_CR"]
[Black "jsebesta"]
[Result "1-0"]
[WhiteElo "1839"]
[BlackElo "1630"]
[TimeControl "180+1"]
[EndTime "10:38:42 PDT"]
[Termination "Uživatel PaulS_CR zvítězil po vzdání soupeře"]

1. Nf3 Nf6 2. d4 g6 3. Nc3 Bg7 4. e4 d6 5. Bc4 Bg4 6. h3 Bxf3 7.
Qxf3 e5 8. dxe5 dxe5 9. Bg5 Qd6 10. Rd1 Qb6 11. Bxf6 Qxf6 12. Qxf6 Bxf6 13. Ke2 O-O 14. Nd5 Bd8 15. c3 Nc6 16. Bb5 Ne7 17. Ne3 c6 18. Bc4 Bb6 19. Rd7 Rfe8 20. Rxb7 Rad8 21. Rd1 Rxd1 22.
Nxd1 Kf8 23. a4 Rd8 24. b4 Rd6 25. a5 Bd8 26. Rxa7 f5 27. f3 fxe4 28. fxe4 Rf6 29. Ne3 Ng8 30. Bxg8 Kxg8 31. Ra8 Rf8 32. Nc4 Kf7 33.
Nxe5+ Ke6 34. Nxc6 1-0

[Event "Betsys MČR v online bleskovém šachu 2021"]
[Site "Chess.com"]
[Date "2021.04.17"]
[Round "10"]
[White "krystofkrizek1"]
[Black "Varinius"]
[Result "0-1"]
[WhiteElo "2133"]
[BlackElo "2415"]
[TimeControl "180+1"]
[EndTime "10:38:45 PDT"]
[Termination "Uživatel Varinius zvítězil po vzdání soupeře"]

1. d4 Nf6 2. Nf3 a5 3. b3 a4 4. Bb2 e6 5. c4 d5 6. e3 Bb4+ 7.
Nbd2 a3 8. Bc1 O-O 9. Bd3 c5 10. O-O Nc6 11. Qc2 cxd4 12. Nxd4 e5 13. Nxc6 bxc6 14. Nb1 Qe7 15. Bd2 Bd6 16. Nc3 e4 17. Be2 Qe5 18. g3 Bh3 19. cxd5 cxd5 20. Rfd1 Rac8 21. Rac1 Bg4 22. Qb1 Qh5 23. h4 Bxe2 0-1

[Event "Betsys MČR v online bleskovém šachu 2021"]
[Site "Chess.com"]
[Date "2021.04.17"]
[Round "10"]
[White "CZMaster666"]
[Black "Innerz98"]
[Result "0-1"]
[WhiteElo "1909"]
[BlackElo "2121"]
[TimeControl "180+1"]
[EndTime "10:38:47 PDT"]
[Termination "Uživatel Innerz98 zvítězil po vzdání soupeře"]

1. e4 e5 2. Nf3 Nf6 3. Nxe5 d6 4. Nf3 Nxe4 5. d4 d5 6. Bd3 Be7 7. O-O Nc6 8. Re1 Nf6 9. c4 O-O 10. Nc3 Nb4 11. Bb1 dxc4 12. a3 Nbd5 13. Nxd5 Nxd5 14.
Qc2 g6 15. Qxc4 Be6 16. Bh6 Re8 17. Ne5 Bg5 18. Bxg5 Qxg5 19. Qd3 Nf4 20. Qf3 f6 21. Bc2 fxe5 22. Rxe5 Qf6 23. Rae1 Nh3+ 24. Kf1 Bc4+ 25.
Bd3 Bxd3+ 0-1

[Event "Betsys MČR v online bleskovém šachu 2021"]
[Site "Chess.com"]
[Date "2021.04.17"]
[Round "10"]
[White "matykov"]
[Black "sajmon8"]
[Result "1-0"]
[WhiteElo "2007"]
[BlackElo "1663"]
[TimeControl "180+1"]
[EndTime "10:38:51 PDT"]
[Termination "Uživatel matykov zvítězil po vzdání soupeře"]

1. e4 e6 2. d4 d5 3. Nc3 Nf6 4.
Bg5 Be7 5. e5 Nfd7 6. h4 a6 7. Qg4 Rg8 8. Bxe7 Qxe7 9. f4 c5 10.
Nf3 Nc6 11. O-O-O cxd4 12. Nxd4 Nc5 13. h5 Bd7 14. h6 g6 15. Nxc6 bxc6 16. Qh4 Rb8 17.
Qxe7+ Kxe7 18. g4 a5 19. Be2 Nb7 20. g5 c5 21. b3 Rgc8 22. Ba6 Rc6 23. Bb5 Rb6 24.
Bxd7 Kxd7 25. Na4 Ra6 26. c4 d4 27. Rd3 Nd8 28. Nxc5+ 1-0

[Event "Betsys MČR v online bleskovém šachu 2021"]
[Site "Chess.com"]
[Date "2021.04.17"]
[Round "10"]
[White "NikolaKusova"]
[Black "VildaSt"]
[Result "0-1"]
[WhiteElo "1027"]
[BlackElo "1301"]
[TimeControl "180+1"]
[EndTime "10:38:53 PDT"]
[Termination "Uživatel VildaSt zvítězil na čas"]

1. e4 e5 2. Nf3 Nc6 3. d4 exd4 4. Bc4 Be7 5. O-O a6 6. Nxd4 Nxd4 7. Qxd4 Nf6 8. e5 c5 9. Qh4 Nd5 10. Bxd5 Bxh4 11. Nc3 O-O 12. Re1 d6 13. exd6 Qxd6 14. Re4 Bf6 15. Bf4 Qb6 16. Rae1 Bf5 17. R4e3 Qxb2 18.
Nd1 Qxc2 19. Bb3 Qd2 0-1

[Event "Betsys MČR v online bleskovém šachu 2021"]
[Site "Chess.com"]
[Date "2021.04.17"]
[Round "10"]
[White "Mimochodem"]
[Black "Dasty78"]
[Result "0-1"]
[WhiteElo "1792"]
[BlackElo "2022"]
[TimeControl "180+1"]
[EndTime "10:38:54 PDT"]
[Termination "Uživatel Dasty78 zvítězil po vzdání soupeře"]

1. e4 e6 2. Nf3 d5 3. exd5 exd5 4. d4 Bg4 5. c4 Nf6 6. Nc3 Nc6 7. Be3 Bb4 8. cxd5 Nxd5 9. Rc1 O-O 10. Be2 Re8 11. O-O Nxe3 12. fxe3 Rxe3 13. h3 Bxf3 14. Bxf3 Qxd4 15.
Qxd4 Nxd4 16. Bxb7 Rb8 17. Bd5 Bxc3 18. Rxf7 Kh8 19.
Rxc3 Ne2+ 20. Kf2 Nxc3 21. Kxe3 Nxd5+ 22. Kd4 Rd8 23. Kc5 Kg8 24. Rf3 Rd6 25. Ra3 a6 26. Rf3 Nf6 27. g4 h6 28. Rf4 Kf7 29. h4 Ke6 30. g5 hxg5 31. hxg5 Ke5 32. Rf1 Ne4+ 33.
Kc4 Nd2+ 0-1

[Event "Betsys MČR v online bleskovém šachu 2021"]
[Site "Chess.com"]
[Date "2021.04.17"]
[Round "10"]
[White "HonzaVykouk"]
[Black "MBorkovec"]
[Result "1-0"]
[WhiteElo "2677"]
[BlackElo "2282"]
[TimeControl "180+1"]
[EndTime "10:38:55 PDT"]
[Termination "Uživatel HonzaVykouk zvítězil po vzdání soupeře"]

1. e4 e5 2. Nf3 Nc6 3. Bc4 Nf6 4. Ng5 d5 5. exd5 Na5 6. Bb5+ c6 7. dxc6 bxc6 8. Be2 h6 9. Nh3 Bd6 10. d3 O-O 11.
Nc3 Nd5 12. Bf3 Be6 13. Ng1 f5 14. Nge2 Nb7 15. O-O Qc7 16. g3 Rae8 17. Bg2 Bc5 18. d4 Nxc3 19. bxc3 Bd6 20. dxe5 Bxe5 21. Bf4 Bc4 22.
Re1 Rd8 23. Bxe5 Qxe5 24. Nd4 Qc5 25. Qc1 Na5 26. Nb3 Qb5 27. Qf4 Bd5 28. Nd4 Qc4 29. Bxd5+ cxd5 30. Ne6 Qxf4 31. gxf4 1-0

[Event "Betsys MČR v online bleskovém šachu 2021"]
[Site "Chess.com"]
[Date "2021.04.17"]
[Round "10"]
[White "sharpi5135"]
[Black "Skalicky"]
[Result "1/2-1/2"]
[WhiteElo "735"]
[BlackElo "715"]
[TimeControl "180+1"]
[EndTime "10:38:57 PDT"]
[Termination "Remíza opakováním pozice"]

1. e4 c5 2. Bc4 e6 3. Nf3 d5 4. exd5 exd5 5. Bb5+ Bd7 6. Bxd7+ Nxd7 7. d3 Ngf6 8. Bg5 Be7 9. Qe2 O-O 10. O-O Re8 11.
Qd2 Qc7 12. Bh6 gxh6 13. Nh4 Bf8 14. Nf5 Bg7 15. Nxh6+ Bxh6 16. Qxh6 Re6 17. Nc3 Rae8 18. g3 d4 19. Nd5 Nxd5 20. Qg5+ Kf8 21. Qf5 Kg8 22.
Qg5+ Kf8 23. Qf5 Kg8 24. Qg5+ 1/2-1/2

[Event "Betsys MČR v online bleskovém šachu 2021"]
[Site "Chess.com"]
[Date "2021.04.17"]
[Round "10"]
[White "MatejKopecky13"]
[Black "doktorovak"]
[Result "0-1"]
[WhiteElo "1493"]
[BlackElo "1671"]
[TimeControl "180+1"]
[EndTime "10:38:59 PDT"]
[Termination "Uživatel doktorovak zvítězil po vzdání soupeře"]

1. e4 c5 2. Nf3 Nc6 3. Nc3 e6 4. Bc4 a6 5. a4 Nge7 6. d3 Ng6 7. Bg5 Qb6 8. b3 Be7 9. Bxe7 Ncxe7 10. e5 Nc6 11.
Qe2 Qb4 12. Qd2 Ncxe5 13. Nxe5 Nxe5 14. O-O Nxc4 15. dxc4 O-O 16. Rae1 d5 17. cxd5 exd5 18. Re3 d4 19. Rg3 dxc3 20. Qh6 Qd4 21. h3 Kh8 22. Qg5 h6 23. Qc1 Bf5 24. Rd1 Qe4 25. Re1 Qxc2 26. Qf4 Bg6 27. h4 h5 28. Re7 Qxb3 29. Qe5 Rg8 30. Rg5 Qd1+ 31. Kh2 f6 32. Qc7 fxg5 33. hxg5 Rad8 34. Re6 Bf5 35. Rh6+ gxh6 36. gxh6 Qd6+ 0-1

[Event "Betsys MČR v online bleskovém šachu 2021"]
[Site "Chess.com"]
[Date "2021.04.17"]
[Round "10"]
[White "penguinorodriguez"]
[Black "martin1804"]
[Result "1-0"]
[WhiteElo "2545"]
[BlackElo "2274"]
[TimeControl "180+1"]
[EndTime "10:39:02 PDT"]
[Termination "Uživatel penguinorodriguez zvítězil po vzdání soupeře"]

1. d4 Nf6 2. Nf3 d6 3. c4 Nbd7 4. Nc3 e5 5. Bg5 Be7 6. e3 c6 7. Qc2 Qc7 8. O-O-O a6 9. Kb1 Qb8 10. c5 exd4 11. cxd6 Bxd6 12. Nxd4 O-O 13. Nf5 Be5 14. f4 Bc7 15. Bd3 b5 16. Ne7+ Kh8 17. Nxc8 Qxc8 18.
Bf5 Qe8 19. e4 h6 20. Bxf6 Nxf6 21. e5 Ng8 22. Bd7 Qe7 23. Bxc6 Ra7 24. Nd5 Qh4 25. g3 Qh3 26. Qc5 1-0

[Event "Betsys MČR v online bleskovém šachu 2021"]
[Site "Chess.com"]
[Date "2021.04.17"]
[Round "10"]
[White "vadoto"]
[Black "jarosymon"]
[Result "1-0"]
[WhiteElo "1417"]
[BlackElo "1701"]
[TimeControl "180+1"]
[EndTime "10:39:04 PDT"]
[Termination "Uživatel vadoto zvítězil matem"]

1. e4 d5 2. exd5 Nf6 3. Nf3 Qxd5 4. Nc3 Qa5 5. Be2 c6 6. O-O Bf5 7. d4 e6 8. Bg5 Bd6 9. h3 h6 10. Bh4 g5 11. Bg3 Bxg3 12. fxg3 Nbd7 13. Bd3 Bxd3 14.
Qxd3 O-O-O 15. Ne5 Rdf8 16. Nxd7 Nxd7 17. Rf3 f5 18.
Re1 e5 19. Rfe3 e4 20. Qc4 Rf6 21. g4 fxg4 22. Rxe4 gxh3 23. Re8+ Rxe8 24. Rxe8+ Kc7 25. gxh3 Qf5 26. Qd3 Qf2+ 27. Kh1 Qe1+ 28. Rxe1 a6 29. Qg3+ Kb6 30. Re7 Nf8 31. Qc7+ Ka7 32. Qxb7# 1-0

[Event "Betsys MČR v online bleskovém šachu 2021"]
[Site "Chess.com"]
[Date "2021.04.17"]
[Round "10"]
[White "sachovybukowski"]
[Black "Danyjel"]
[Result "1-0"]
[WhiteElo "1961"]
[BlackElo "1694"]
[TimeControl "180+1"]
[EndTime "10:39:06 PDT"]
[Termination "Uživatel sachovybukowski zvítězil po vzdání soupeře"]

1. d4 Nf6 2. Bg5 e6 3. c3 Be7 4. e3 d5 5. Bd3 O-O 6. Nd2 h6 7. Bh4 b6 8. f4 Bb7 9. Ngf3 Nbd7 10. Qe2 c5 11. O-O Ne4 12. Bxe7 Qxe7 13. Kh1 f5 14. Rg1 Ndf6 15. Ne5 Ng4 16. Nxg4 fxg4 17. Bxe4 dxe4 18. Qxg4 cxd4 19. cxd4 Rac8 20. Rgc1 Rf6 21. Rxc8+ Bxc8 22. Rc1 Bb7 23. a3 Kh7 24. Qe2 Qf7 25. Qc4 Qg6 26. Qe2 Rf7 27. b4 Qf6 28. h3 Qh4 29. Kh2 g5 30. g3 1-0

[Event "Betsys MČR v online bleskovém šachu 2021"]
[Site "Chess.com"]
[Date "2021.04.17"]
[Round "10"]
[White "Tomasn2003"]
[Black "TarantAnk"]
[Result "0-1"]
[WhiteElo "1152"]
[BlackElo "1725"]
[TimeControl "180+1"]
[EndTime "10:39:11 PDT"]
[Termination "Uživatel TarantAnk zvítězil po vzdání soupeře"]

1. e4 c5 2. Nf3 d6 3. d4 cxd4 4.
Qxd4 Nc6 5. Bb5 Bd7 6. Bxc6 bxc6 7. Nc3 Nf6 8. O-O g6 9. e5 c5 10. Qd3 Bf5 11. Qd1 dxe5 12. Nxe5 Bg7 13. Qxd8+ Rxd8 14. Nc6 Rd7 15. Be3 Rc7 16. Ne5 Bxc2 17. Nb5 Rb7 18.
Rac1 Bf5 19. Rxc5 O-O 20. Rfc1 Be6 21. b3 Ne4 22. Nd4 Nxc5 23. Nxe6 Nxe6 24. Nc6 a6 25.
Rd1 Rc8 26. Nb4 Rxb4 0-1

[Event "Betsys MČR v online bleskovém šachu 2021"]
[Site "Chess.com"]
[Date "2021.04.17"]
[Round "10"]
[White "matej-c"]
[Black "Tomasbezdek07"]
[Result "1-0"]
[WhiteElo "1952"]
[BlackElo "1696"]
[TimeControl "180+1"]
[EndTime "10:39:16 PDT"]
[Termination "Uživatel matej-c zvítězil po vzdání soupeře"]

1. d4 d5 2. c4 e5 3. dxe5 d4 4. Nf3 Nc6 5. g3 Nge7 6. Bg2 Ng6 7. O-O Bc5 8. Nbd2 O-O 9. Ne4 Be7 10. b3 Ngxe5 11.
Bb2 Nxf3+ 12. Bxf3 Bf5 13. a3 Re8 14. Qd2 Bxe4 15. Bxe4 Bg5 16. Qd3 Bf6 17. Bxh7+ Kh8 18. Be4 Qe7 19. Bxc6 bxc6 20. Rfe1 c5 21. Qf5 Rad8 22.
Rad1 Kg8 23. Rd3 a5 24. a4 Qd6 25. Bc1 Re5 26. Qh3 Rde8 27. Bf4 1-0

[Event "Betsys MČR v online bleskovém šachu 2021"]
[Site "Chess.com"]
[Date "2021.04.17"]
[Round "10"]
[White "Honza_13"]
[Black "masterofbuzkashi"]
[Result "0-1"]
[WhiteElo "1934"]
[BlackElo "2233"]
[TimeControl "180+1"]
[EndTime "10:39:22 PDT"]
[Termination "Uživatel masterofbuzkashi zvítězil po vzdání soupeře"]

1. Nf3 c5 2. g3 Nc6 3. d4 cxd4 4. Nxd4 g6 5. b3 Bg7 6. Bb2 Nf6 7. Bg2 O-O 8. O-O d5 9. c4 e6 10. Na3 Bd7 11. Rc1 Nxd4 12. Bxd4 b6 13. Bxf6 Bxf6 14. cxd5 Bb2 15. dxe6 Bxe6 16. Bxa8 Qxa8 17. Nb5 Bh3 18. f3 Bxc1 19. Qxc1 Qd5 20. Nc7 Qe5 21. f4 Qxe2 22. Rf2 Qe4 23. Nb5 Re8 24. Nd6 Qe1+ 25. Rf1 Bxf1 26.
Qxe1 Rxe1 27. Kf2 Ra1 28. Ne4 0-1

[Event "Betsys MČR v online bleskovém šachu 2021"]
[Site "Chess.com"]
[Date "2021.04.17"]
[Round "10"]
[White "fadamos"]
[Black "tucnak64"]
[Result "1-0"]
[WhiteElo "2303"]
[BlackElo "2130"]
[TimeControl "180+1"]
[EndTime "10:39:24 PDT"]
[Termination "Uživatel fadamos zvítězil po vzdání soupeře"]

1. e4 c5 2. Nf3 e6 3. d4 cxd4 4. Nxd4 a6 5. Nc3 b5 6. Bd3 Bb7 7. O-O Qb6 8. Be3 Bc5 9. Nce2 Nc6 10. c3 Nf6 11. b4 Bxd4 12. Nxd4 Qc7 13. Re1 O-O 14.
Rc1 Ne5 15. Bf4 d6 16. Bb1 Rfd8 17. Bg3 Rac8 18. h3 Qb6 19. a4 Ng6 20. axb5 axb5 21. Qe2 e5 22. Nf5 Rc7 23. Red1 Ne7 24. Bxe5 Nxf5 25.
Bxf6 gxf6 26. exf5 Rc4 27. Bd3 Rf4 28. Rc2 Kh8 29. Qe7 Rg8 30. Qxf6+ Rg7 31. Bf1 Qc6 32. Rxd6 Qe4 33. Rd8+ 1-0

[Event "Betsys MČR v online bleskovém šachu 2021"]
[Site "Chess.com"]
[Date "2021.04.17"]
[Round "10"]
[White "VojtaT"]
[Black "domecek"]
[Result "0-1"]
[WhiteElo "1733"]
[BlackElo "1973"]
[TimeControl "180+1"]
[EndTime "10:39:25 PDT"]
[Termination "Uživatel domecek zvítězil po vzdání soupeře"]

1. e4 c6 2. d4 d5 3. f3 g6 4. e5 h5 5. Bd3 Nh6 6. Ne2 a6 7. Nbc3 Bf5 8. Ng3 e6 9. Nxf5 Nxf5 10. Ne2 c5 11. c3 Qb6 12. Bxf5 gxf5 13. Qb3 Qxb3 14.
axb3 Nc6 15. Bg5 cxd4 16. cxd4 Kd7 17. Kf2 Rc8 18. Rhc1 Bb4 19. h4 Be7 20. f4 Bd8 21. Nc3 Bb6 22. Na4 Bxd4+ 23. Ke2 Ba7 24. Nc5+ Bxc5 25.
Rxc5 Nd4+ 26. Kd3 Rxc5 27. Kxd4 Rhc8 28. b4 Rc4+ 29. Kd3 Rxb4 0-1

[Event "Betsys MČR v online bleskovém šachu 2021"]
[Site "Chess.com"]
[Date "2021.04.17"]
[Round "10"]
[White "PetrSoucek"]
[Black "YoungMegaMind"]
[Result "0-1"]
[WhiteElo "2013"]
[BlackElo "2226"]
[TimeControl "180+1"]
[EndTime "10:39:35 PDT"]
[Termination "Uživatel YoungMegaMind zvítězil na čas"]

1. d4 Nf6 2. Bf4 e6 3. e3 d5 4. c3 Bd6 5. Bg3 c5 6. Nd2 b6 7. Ngf3 Bb7 8. Ne5 Qc7 9. Bd3 Nbd7 10. f4 O-O 11. O-O Ne4 12. Bxe4 dxe4 13. Ndc4 f6 14. Nxd6 Qxd6 15. Nc4 Qe7 16. f5 e5 17. Qa4 a6 18. Qc2 Bd5 19. Nd2 exd4 20. cxd4 cxd4 21.
exd4 Rfc8 22. Qd1 b5 0-1

[Event "Betsys MČR v online bleskovém šachu 2021"]
[Site "Chess.com"]
[Date "2021.04.17"]
[Round "10"]
[White "ReceptiveYoyo"]
[Black "marfuss"]
[Result "0-1"]
[WhiteElo "1367"]
[BlackElo "1975"]
[TimeControl "180+1"]
[EndTime "10:39:36 PDT"]
[Termination "Uživatel marfuss zvítězil matem"]

1. d4 f5 2. c4 Nf6 3. e3 g6 4. Nf3 Bg7 5. Bd3 O-O 6. O-O d6 7.
Nc3 c6 8. Re1 Na6 9. e4 fxe4 10.
Nxe4 Bf5 11. Nxf6+ Rxf6 12. Bxf5 Rxf5 13. Qe2 e5 14.
Bg5 Qf8 15. dxe5 dxe5 16. Qe3 Nc7 17. b3 e4 18. Nd4 Rxg5 19. Qxg5 Bxd4 20. Qd2 Bxa1 21.
Rxa1 Rd8 22. Qe3 Qe7 23. Re1 Ne8 24. Qxe4 Qxe4 25. Rxe4 Rd1+ 26. Re1 Rxe1# 0-1

[Event "Betsys MČR v online bleskovém šachu 2021"]
[Site "Chess.com"]
[Date "2021.04.17"]
[Round "10"]
[White "Terilka"]
[Black "FaceOfLightning"]
[Result "0-1"]
[WhiteElo "1560"]
[BlackElo "1951"]
[TimeControl "180+1"]
[EndTime "10:39:40 PDT"]
[Termination "Uživatel FaceOfLightning zvítězil po vzdání soupeře"]

1. d4 e6 2. Nf3 f5 3. e3 Nf6 4.
Bd3 Be7 5. c4 O-O 6. Nc3 d6 7. O-O Qe8 8. e4 fxe4 9. Nxe4 Nxe4 10. Bxe4 Nd7 11. Qd3 Nf6 12. Be3 Nxe4 13. Qxe4 Qh5 14.
Rfe1 c6 15. b3 Bf6 16. Rad1 Bd7 17. d5 Rae8 18. Qd3 exd5 19. cxd5 c5 20. Qc4 Bg4 21. Qe2 Be5 22. g3 Bxf3 23. Qb5 Qh3 24. Qf1 Qxf1+ 25.
Rxf1 Bxd1 26. Rxd1 Rf7 27. Rc1 b6 28. a4 Rfe7 29.
Bd2 Bd4 30. a5 Re2 31. Be3 Bxe3 32. fxe3 R8xe3 33. axb6 axb6 34. Ra1 Re1+ 35. Rxe1 Rxe1+ 36. Kf2 Rb1 0-1

[Event "Betsys MČR v online bleskovém šachu 2021"]
[Site "Chess.com"]
[Date "2021.04.17"]
[Round "10"]
[White "Hroch-hroch"]
[Black "Staci_fiknout_Navara_Plat"]
[Result "1-0"]
[WhiteElo "2246"]
[BlackElo "1929"]
[TimeControl "180+1"]
[EndTime "10:39:41 PDT"]
[Termination "Uživatel Hroch-hroch zvítězil po vzdání soupeře"]

1. e4 d5 2. e5 c5 3. Nf3 Bg4 4. c3 Nc6 5. Bb5 Qb6 6. Na3 a6 7. Ba4 O-O-O 8. Bxc6 Qxc6 9. h3 Bxf3 10. Qxf3 f6 11.
d4 fxe5 12. dxe5 e6 13. O-O Ne7 14. Bg5 Re8 15. Bxe7 Rxe7 16. c4 g6 17. Rad1 d4 18.
Qxc6+ bxc6 19. Nc2 Bh6 20. Ne1 Rf8 21. Nd3 Rf5 22.
g4 Rf3 23. Kg2 Ref7 24. Nxc5 a5 25. Nxe6 Kd7 26. Nxd4 R3f4 27. e6+ Kc7 28. exf7 Rxf7 29. Ne6+ Kb6 30. g5 Bg7 31. Nxg7 Rxg7 32. b3 Kc5 33.
Rd3 1-0

[Event "Betsys MČR v online bleskovém šachu 2021"]
[Site "Chess.com"]
[Date "2021.04.17"]
[Round "10"]
[White "Maty122"]
[Black "Berzeger"]
[Result "1-0"]
[WhiteElo "934"]
[BlackElo "1021"]
[TimeControl "180+1"]
[EndTime "10:39:41 PDT"]
[Termination "Uživatel Maty122 zvítězil matem"]

1. e4 e5 2. Nf3 Nc6 3. Bb5 a6 4. Ba4 Bc5 5. O-O Nf6 6. Nc3 O-O 7. Nxe5 Qe7 8. Nxc6 dxc6 9. d4 Bb6 10. Re1 c5 11. d5 Bd7 12. Bxd7 Qxd7 13. e5 Ne8 14. Bf4 c6 15. d6 c4 16. Na4 Ba7 17. Be3 Bxe3 18.
Rxe3 Qf5 19. Qf3 Qxc2 20. Nc5 Qxb2 21. Rae1 b5 22. Nd7 Qxa2 23. Nxf8 Kxf8 24. d7 Nc7 25. e6 Nd5 26. Qxf7# 1-0